 Dungeon Sprint DCSS version 0.30-a0-860-g512cf1e979 (webtiles) character file.

Game seed: 2474675926046445487

2208 rocky1 the Bludgeoner (level 9, -9/85 HPs)
             Began as a Minotaur Gladiator on Mar 8, 2023.
             Was a Priest of Okawaru.
             Killed from afar by a gargoyle (22 damage)
             ... with a stone arrow
             ... in the Dungeon (Sprint IX: "|||||||||||||||||||||||||||||").
             The game lasted 00:02:10 (903 turns).

rocky1 the Bludgeoner (Minotaur Gladiator)           Turns: 903, Time: 00:02:11

Health: -9/85      AC: 11    Str: 25    XL:     9   Next: 13%
Magic:  7/11       EV: 14    Int:  8    God:    Okawaru [***...]
Gold:   0          SH:  0    Dex: 13    Spells: 8/8 levels left

rFire   . . .      SeeInvis .    o - +2 dire flail (venom)
rCold   . . .      Faith    .    (shield currently unavailable)
rNeg    . . .      Spirit   .    q - +1 scale mail
rPois   .          Reflect  .    c - +0 hat
rElec   .          Rampage  .    (no cloak)
rCorr   .          NoTele   +    (no gloves)
Will    .....                    p - +0 pair of boots Stlth
                                 (no amulet)
HPRegen 0.34/turn                r - +3 ring of intelligence
MPRegen 0.12/turn                s - +3 ring of strength

@: slowed, very slow
A: horns 2, retaliatory headbutt
a: Renounce Religion, Heroism


You were in the Dungeon.
You worshipped Okawaru.
Okawaru was most pleased with you.
You visited 1 branch

Inventory:

Hand Weapons
 o - a +2 dire flail of venom (weapon)
Missiles
 d - 3 throwing nets (quivered)
 e - a javelin
Armour
 c - a +0 hat (worn)
 p - a +0 pair of boots (worn)
 q - a +1 scale mail (worn)
Jewellery
 r - a +3 ring of intelligence (left hand)
 s - a +3 ring of strength (right hand)
Wands
 n - a wand of iceblast (10)
Scrolls
 k - 2 scrolls of blinking
 m - 2 scrolls of amnesia
Potions
 f - 5 potions of curing
 g - 3 potions of heal wounds
 h - a potion of haste
 i - 4 potions of magic
 j - a potion of berserk rage
 l - a potion of invisibility


   Skills:
 + Level 10.2 Fighting
 + Level 17.0 Maces & Flails
 - Level 2.0 Throwing
 + Level 9.9 Armour
 + Level 9.7 Dodging
 + Level 4.7 Invocations


You had 8 spell levels left.
You didn't know any spells.
Your spell library was empty.

Dungeon Overview and Level Annotations

Branches:
Dungeon (1/1)

Altars:
Cheibriados
Dithmenos
Elyvilon
Fedhas
Gozag
Hepliaklqana
Kikubaaqudgha
Makhleb
Nemelex Xobeh
Okawaru
Qazlal
Ru
Sif Muna
Trog
Uskayaw
Vehumet
Wu Jian
Xom
Yredelemnul
Zin
The Shining One
Jiyva
Lugonu


Innate Abilities, Weirdness & Mutations

You have a pair of horns on your head.
You reflexively headbutt those who attack you in melee.


Message History

You hit the wraith but do no damage. Your headbutt misses the wraith.
The wraith closely misses you.
You barely miss the wraith. Your headbutt misses the wraith.
You puncture the wraith!
The wraith is moderately damaged.
The wraith hits you but does no damage.
You closely miss the wraith. You headbutt the wraith.
The wraith is moderately damaged.
The wraith hits you. The wraith drains your vigour!
You feel yourself slow down.
You barely miss the wraith.
You headbutt the wraith, but do no damage.
The wraith is moderately damaged.
You barely miss the wraith.
The wraith is moderately damaged.
The wraith barely misses you.
You puncture the wraith!
You headbutt the wraith, but do no damage.
The wraith is heavily damaged.
The wraith hits you! The wraith drains your vigour!
You feel as though you will be slow longer.
You sock the wraith!
The wraith is almost destroyed.
The wraith barely misses you. You furiously retaliate!
You headbutt the wraith. You hit the wraith.
You destroy the wraith!
Okawaru accepts your kill.
Your Maces & Flails skill increases to level 17!
You barely miss the gargoyle.
The gargoyle hits you with a +0 dire flail!!
You barely miss the gargoyle. You headbutt the gargoyle!
The gargoyle is moderately damaged.
The gargoyle hurls a stone arrow at you.
The stone arrow hits you!!
* * * LOW HITPOINT WARNING * * *
You hit the gargoyle but do no damage.
The gargoyle is moderately damaged.
The gargoyle hurls a stone arrow at you.
The stone arrow hits you!!
You die...

▓+▓
▓.▓
▓.▓
▓.▓
▓.▓
▓C▓
▓9▓
▓@▓
▓(▓
▓.▓
▓)▓
▓.▓
▓)▓
▓÷▓
▓'▓
▓.▓


You could see a cyclops and a gargoyle.

Vanquished Creatures
  A deep elf pyromancer (D)
  An ugly thing (D)
  A hornet (D)
  A wyvern (D)
  3 yaks (D)
  2 wraiths (D)
  An ogre (D)
  A centaur (D)
  A phantom (D)
  A hound (D)
  A sleepcap (D)
  A dart slug (D)
  An orc (D)
  2 endoplasms (D)
  A hobgoblin (D)
  A frilled lizard (D)
20 creatures vanquished.

Notes
Turn   | Place    | Note
-------+----------+-------------------------------------------
     0 | D        | rocky1 the Minotaur Gladiator began the quest for the Orb.
     0 | D        | Reached XP level 1. HP: 18/18 MP: 0/0
     5 | D        | Reached skill level 4 in Maces & Flails
     7 | D        | Reached skill level 5 in Maces & Flails
    12 | D        | Reached skill level 6 in Maces & Flails
   133 | D        | Noticed a hound
   133 | D        | Noticed a phantom
   133 | D        | Noticed an ogre
   133 | D        | Noticed a sleepcap
   139 | D        | Killed a sleepcap
   140 | D        | Reached skill level 8 in Maces & Flails
   140 | D        | Reached XP level 2. HP: 20/25 MP: 1/1
   140 | D        | Reached XP level 3. HP: 24/30 MP: 2/2
   141 | D        | Killed an ogre
   142 | D        | Reached skill level 11 in Maces & Flails
   142 | D        | Reached XP level 4. HP: 24/37 MP: 3/3
   153 | D        | Killed a phantom
   154 | D        | Reached skill level 13 in Maces & Flails
   154 | D        | Reached XP level 5. HP: 16/42 MP: 4/4
   159 | D        | Reached skill level 14 in Maces & Flails
   482 | D        | Found a snail-covered altar of Cheibriados.
   482 | D        | Found a shadowy altar of Dithmenos.
   482 | D        | Found a white marble altar of Elyvilon.
   482 | D        | Found a blossoming altar of Fedhas.
   482 | D        | Found an opulent altar of Gozag.
   483 | D        | Found a hazy altar of Hepliaklqana.
   484 | D        | Found a viscous altar of Jiyva.
   485 | D        | Found an ancient bone altar of Kikubaaqudgha.
   486 | D        | Found a corrupted altar of Lugonu.
   487 | D        | Found a burning altar of Makhleb.
   488 | D        | Found a sparkling altar of Nemelex Xobeh.
   489 | D        | Found an iron altar of Okawaru.
   490 | D        | Found a stormy altar of Qazlal.
   491 | D        | Found a sacrificial altar of Ru.
   492 | D        | Found a shimmering blue altar of Sif Muna.
   493 | D        | Found a bloodstained altar of Trog.
   494 | D        | Found a hide-covered altar of Uskayaw.
   495 | D        | Found a radiant altar of Vehumet.
   496 | D        | Found an ornate altar of the Wu Jian Council.
   497 | D        | Became a worshipper of Warmaster Okawaru
   498 | D        | Found a shimmering altar of Xom.
   499 | D        | Found a basalt altar of Yredelemnul.
   500 | D        | Found a glowing silver altar of Zin.
   501 | D        | Found a glowing golden altar of the Shining One.
   550 | D        | Noticed a yak
   550 | D        | Noticed a hornet
   550 | D        | Noticed a centaur
   550 | D        | Noticed a yak
   550 | D        | Noticed a yak
   550 | D        | Noticed a wyvern
   553 | D        | Killed a wyvern
   554 | D        | Reached skill level 5 in Dodging
   554 | D        | Reached XP level 6. HP: 50/55 MP: 5/5
   559 | D        | Killed a yak
   559 | D        | Reached * piety under Okawaru
   560 | D        | Reached skill level 15 in Maces & Flails
   560 | D        | Reached skill level 5 in Armour
   560 | D        | Reached XP level 7. HP: 55/63 MP: 6/6
   564 | D        | Killed a yak
   573 | D        | Killed a hornet
   573 | D        | Reached ** piety under Okawaru
   576 | D        | Killed a yak
   577 | D        | Reached skill level 16 in Maces & Flails
   577 | D        | Reached XP level 8. HP: 47/75 MP: 7/7
   869 | D        | Noticed a cyclops
   869 | D        | Noticed a gargoyle
   869 | D        | Noticed a purple ugly thing
   869 | D        | Noticed a deep elf pyromancer
   875 | D        | Reached skill level 1 in Invocations
   881 | D        | Killed a deep elf pyromancer
   881 | D        | Reached *** piety under Okawaru
   890 | D        | Killed a purple ugly thing
   890 | D        | Received a gift from Okawaru
   891 | D        | Reached skill level 10 in Fighting
   891 | D        | Reached XP level 9. HP: 62/85 MP: 6/11
   901 | D        | Reached skill level 17 in Maces & Flails
   903 | D        | Killed from afar by a gargoyle

Illustrated notes

Levels and vault maps discovered:
D:        linesprint [early_d, line_temple, items_1, d_10, items_2, lair_1,
          lair_end, items_3, orc_1, orc_end, items_4, d_15, swamp_1, shoals_1,
          snake_1, spider_1, d_20, vaults_1, items_5, swamp_end, shoals_end,
          snake_end, spider_end, vaults_end, d_27, items_6, zot_1, zot_end,
          crypt_end, forest_end, elf_end, slime_end, tomb_end, abyss_end,
          pan_hell_end]

Skill      XL: |  1  2  3  4  5  6  7  8  9 |
---------------+----------------------------+-----
Maces & Flails | 8 11 13 14 15 16 17 | 17.0
Fighting       | 4 6 8 10 | 10.2
Armour         | 4 5 7 9 |  9.9
Dodging        | 5 6 8 9 |  9.7
Invocations    | 4 |  4.7
Throwing       | |  2.0

Action                     |  1- 3 |  4- 6 |  7- 9 || total
---------------------------+-------+-------+-------++-------
  Melee: Flail             |    14 |    17 |       ||    31
         Headbutt          |     4 |     4 |    13 ||    21
         Dire flail        |       |     9 |    48 ||    57
 Invoke: Heroism           |       |       |     1 ||     1
 Armour: Leather armour    |       |     3 |       ||     3
         Scale mail        |       |       |     8 ||     8
  Dodge: Dodged            |     7 |     7 |    16 ||    30

Table legend: (Time is in decaauts)
 A = Elapsed time spent in this place.
 B = Non-inter-level travel time spent in this place.
 C = Inter-level travel time spent in this place.
 D = Time resting spent in this place.
 E = Time spent auto-exploring this place.
 F = Levels seen in this place.
 G = Mean time per level.
                   A        B        C        D        E       F      G
               +--------+--------+--------+--------+--------+-----+--------+
         Total |    880 |    880 |      0 |    720 |      0 |   1 |  880.0 |
       Dungeon |    880 |    880 |      0 |    720 |      0 |   1 |  880.0 |
               +--------+--------+--------+--------+--------+-----+--------+

Top non-repeatable levels by time:
       D: 880 daAuts
